Map: Data-C

Players

Solar - Winner!

  • Race: Zerg Zerg
  • League: Master
  • Spawn Location: 3:00

LiquidElazer (Elazer)

  • Race: Zerg Zerg
  • Spawn Location: 9:00

Event: HomeStory Cup XXII

VOD

Have the link to the VOD?

Description

Time

  • Played on: Dec. 17, 2022, 5:50 a.m.
  • Length: 6:23

All games in this series

Show
View Real Time Build Order
Export as new Build Order

Solar Zerg - Winner!

Build Orders: Hatch First 

Get SALT Encoding   

  12  0:00  Drone  
  13  0:12  Overlord  
  13  0:17  Drone  
  14  0:30  Drone x2  
  16  0:47  Hatchery  
  15  0:51  Drone  
  15  0:55  Drone  
  17  0:57  Drone  
  18  1:09  Extractor  
  17  1:13  Spawning Pool  
  17  1:16  Drone  
  17  1:20  Drone  
  18  1:27  Drone  
  19  1:38  Drone  
  20  1:49  Drone  
  21  1:59  Queen  
  21  2:00  Queen  
  26  2:01  Zergling x2  
  26  2:02  Overlord  
  26  2:11  Drone x2  
  26  2:12  Metabolic Boost  
  28  2:22  Drone x2  
  30  2:33  Hatchery  
  29  2:37  Zergling x2  
  29  2:44  Queen  
  30  2:49  Baneling Nest  
  31  2:52  Drone  
  31  2:58  Overlord  
  32  3:00  Drone x2  
  34  3:05  Drone x2  
  36  3:17  Zergling x2  
  36  3:19  Zergling x10  
  42  3:24  Zergling x2  
  42  3:26  Overlord  
  42  3:32  Baneling x2  
  42  3:35  Zergling x2  
  42  3:36  Zergling x2  
  44  3:43  Baneling  
  44  3:46  Drone x5  
  49  3:51  Zergling x2  
  49  3:53  Zergling x6  
  53  3:57  Overlord  
  53  4:06  Roach Warren  
  53  4:08  Drone  
  53  4:11  Overlord  
  53  4:14  Drone x3  
  53  4:16  Extractor  
  54  4:18  Drone  
  52  4:27  Drone  
  52  4:28  Drone  
  52  4:29  Drone  
  52  4:30  Overlord  
  54  4:31  Drone  
  54  4:33  Drone x2  
  54  4:35  Evolution Chamber  
  54  4:36  Drone  
  54  4:37  Baneling, Drone  
  58  4:47  Roach x3  
  58  4:51  Roach x2, Extractor  
  67  4:53  Roach  
  67  4:56  Roach  
  67  4:59  Roach  
  75  5:00  Roach  
  75  5:03  Overlord  
  75  5:07  Roach x2  
  74  5:19  Overlord  
  71  5:22  Roach x4  
  71  5:25  Roach  
  71  5:27  Overlord  
  81  5:30  Roach  
  81  5:33  Zergling x4  
  81  5:38  Roach x2  
  81  5:39  Roach  
  81  5:41  Roach  
  83  5:44  Zergling x4  
  83  5:48  Zergling x6  
  86  5:52  Zergling x4  
  86  5:54  Zergling x2  
  88  5:59  Zergling x4  
  88  6:00  Zergling x2  
  88  6:04  Ravager  
  81  6:09  Drone x3  
  81  6:10  Drone  
Show
View Real Time Build Order
Export as new Build Order

LiquidElazer Zerg 

Build Orders: Hatch First 

Get SALT Encoding   

  12  0:00  Drone  
  13  0:12  Overlord  
  13  0:16  Drone  
  14  0:31  Drone x2  
  16  0:48  Hatchery  
  15  0:51  Drone  
  15  0:55  Drone  
  17  0:59  Drone  
  18  1:06  Extractor  
  17  1:13  Spawning Pool  
  17  1:17  Drone  
  17  1:20  Drone  
  18  1:29  Drone  
  19  1:39  Drone  
  20  1:50  Drone  
  21  1:59  Queen x2  
  21  2:00  Zergling x2  
  26  2:02  Overlord  
  26  2:06  Metabolic Boost  
  26  2:11  Drone  
  26  2:13  Drone  
  28  2:22  Drone x2  
  30  2:35  Hatchery  
  29  2:38  Zergling x2  
  29  2:41  Drone  
  29  2:44  Drone x2  
  33  2:53  Overlord  
  33  2:55  Drone  
  34  3:04  Zergling x2  
  34  3:05  Zergling x2  
  36  3:07  Overlord  
  36  3:11  Zergling x2  
  36  3:12  Zergling x8  
  40  3:17  Zergling x2  
  41  3:20  Zergling x2  
  41  3:22  Baneling Nest  
  41  3:29  Drone  
  42  3:36  Drone  
  42  3:37  Drone  
  42  3:39  Overlord  
  42  3:40  Drone x5  
  49  3:46  Drone  
  50  3:52  Overlord  
  50  3:54  Drone  
  50  3:55  Extractor  
  50  3:57  Roach Warren  
  50  3:59  Overlord  
  49  4:04  Zergling x4  
  49  4:05  Baneling x2  
  49  4:09  Overlord  
  50  4:12  Zergling x8  
  53  4:38  Roach  
  53  4:39  Roach x4  
  63  4:47  Roach x2  
  67  4:53  Roach  
  67  4:58  Zergling x22  
  80  5:10  Baneling x2  
  80  5:12  Zergling x6  
  74  5:23  Zergling x12  
  77  5:31  Zergling x6  
  69  5:39  Zergling x2  
  69  5:42  Queen  
  62  5:45  Zergling x4  
  63  5:55  Zergling x10  
Tags
 
League
Master
Matchup
ZvZ
Race
Zerg
Replay Pack
hsc22
Spawn Locations
Cross Positions
Add a new tag
Caveats
  • Supply blocks, unpowered buildings, or Contaminate may cause inaccurate times.
  • Supply counts are checked every 10 seconds.